 Dungeon Crawl Stone Soup version 0.31.0-32-g396128a36d (webtiles) character file.

Game seed: 2365757329169920823

145 Logoto the Chopper (level 5, -4/47 HPs)
             Began as a Hill Orc Berserker on Apr 4, 2024.
             Was a Believer of Trog.
             Killed by divine providence
             ... invoked by an orc priest
              (13 damage)
             ... on level 3 of the Dungeon.
             The game lasted 00:04:43 (1974 turns).

Logoto the Chopper (Hill Orc Berserker)             Turns: 1974, Time: 00:04:44

Health: -4/47      AC:  9    Str: 22    XL:     5   Next: 27%
Magic:  5/5        EV:  8    Int:  7    God:    Trog [**....]
Gold:   168        SH:  5    Dex: 10    Spells: 4/4 levels left

rFire   + . .        o - +0 trident (venom)
rCold   . . .        (no shield)
rNeg    . . .        g - +0 chain mail
rPois   .            (no helmet)
rElec   .            (no cloak)
rCorr   .            (no gloves)
SInv    .            (no boots)
Will    .....        l - amulet of reflection Stlth
                     c - ring of protection from fire
HPRegen 0.27/turn    (no ring)
MPRegen 0.09/turn

%: reflection
@: on berserk cooldown, slowed, very slow
A: no striking features
a: Renounce Religion, Convert to Beogh, Berserk, Trog's Hand


You were on level 3 of the Dungeon.
You worshipped Trog.
Trog was pleased with you.
You visited 1 branch of the dungeon, and saw 3 of its levels.

You collected 168 gold pieces.

Inventory:

Hand Weapons
 a - a +0 hand axe
 d - a +0 war axe
 o - a +0 trident of venom (weapon)
Missiles
 q - 3 poisoned darts (quivered)
Armour
 g - a +0 chain mail (worn)
Jewellery
 c - a ring of protection from fire (left hand)
 l - an amulet of reflection (around neck)
 p - a ring of flight
Scrolls
 e - 2 scrolls of fog {unknown}
 f - a scroll of noise {unknown}
 n - a scroll of butterflies {unknown}
 t - a scroll of identify {unknown}
 u - a scroll of poison {unknown}
Potions
 b - 2 potions of curing {unknown}
 h - a potion of might {unknown}
 i - a potion of resistance {unknown}
 j - a potion of enlightenment {unknown}
 k - 3 potions of heal wounds {unknown}
 m - 3 potions of brilliance {unknown}
 r - 2 potions of degeneration {unknown}
 s - 2 potions of attraction {unknown}


   Skills:
 * Level 4.8 Fighting
 * Level 5.6(5.8) Axes
 + Level 1.5(3.3) Polearms
 * Level 2.8 Armour
 + Level 2.0 Dodging
 + Level 0.1 Shields


You had 4 spell levels left.
You didn't know any spells.
Your spell library was empty.

Dungeon Overview and Level Annotations

Branches:
Dungeon (3/15)

Altars:

Shops:
D:1 [


Message History

The orc attacks as it pursues you! The orc closely misses you.
There is an open door here.
The orc priest shouts, "Beogh is our master!
Accept the truth or die!"
You puncture the orc!
You kill the orc!
Trog accepts your kill.
Natasha mumbles some strange words.
You feel troubled.
You closely miss the orc priest. You block the orc's attack.
The orc priest shouts, "Surrender to Beogh and we'll let you live!"
You closely miss Natasha. The orc hits you with a +0 club.
The orc priest mumbles some strange prayers to Beogh against you.
Pain shoots through your body! Natasha claws you.
You puncture Natasha!
Natasha looks as sick as possible!
Natasha is almost dead.
You kill Natasha!
Trog accepts your kill.
Trog appreciates your killing of a magic user.
Natasha growls in agony!
The cerulean imp disappears in a puff of smoke!
The orc hits you but does no damage.
The orc priest invokes the aid of Beogh against you.
Beogh smites you!
* * * LOW HITPOINT WARNING * * *
You closely miss the orc priest.
You are no longer berserk.
You are exhausted.
You feel yourself slow down.
The orc priest shouts, "Surrender to Beogh and we'll let you live!"
The orc hits you but does no damage.
The orc hits you with a +1 war axe of flaming.
* * * LOW HITPOINT WARNING * * *
The orc burns you.
* * * LOW HITPOINT WARNING * * *
You barely miss the orc priest.
The orc priest looks encouraged for a moment.
You block the orc's attack. The orc closely misses you.
The orc priest calls down the wrath of Beogh upon you.
Beogh smites you!
You die...

#........# ..###
#........# #....#####
#........+ #........#
#........# #........#
########## #........#
#........# ########
#...>...o######......#
#......§o@...##......#
##
#.......o#.).........#
#.
.........#........####
#. .........#....)...#
#.
.....#####........###
#. ..... #..........#
#. .... #........#.#
#. .... ######...#.##
#. #####..# #.


You could see an orc priest and 2 orcs.

Vanquished Creatures
  An orc priest (D:3)
  Natasha (D:3)
  3 adders
  3 dart slugs (D:2)
  2 ribbon worms (D:2)
  3 orcs (D:3)
  A giant cockroach (D:2)
  4 goblins
  6 hobgoblins
  6 kobolds
  5 quokkas
  3 ball pythons
  6 bats
  5 frilled lizards
  5 rats
54 creatures vanquished.

Notes
Turn   | Place    | Note
-------+----------+-------------------------------------------
     0 | D:1      | Logoto the Hill Orc Berserker began the quest for the Orb.
     0 | D:1      | Reached XP level 1. HP: 19/19 MP: 1/1
   112 | D:1      | Reached XP level 2. HP: 24/27 MP: 2/2
   369 | D:1      | Found Efezueru's Armour Boutique.
   681 | D:1      | You fall into a shaft and drop 1 floor!
   801 | D:2      | Reached XP level 3. HP: 33/33 MP: 3/3
   827 | D:2      | Reached ** piety under Trog
  1115 | D:2      | Reached skill level 5 in Axes
  1146 | D:2      | Reached XP level 4. HP: 41/41 MP: 4/4
  1803 | D:3      | Reached skill level 1 in Polearms
  1804 | D:3      | Reached XP level 5. HP: 35/47 MP: 5/5
  1963 | D:3      | Noticed Natasha
  1972 | D:3      | Killed Natasha
  1974 | D:3      | Killed from afar by an orc priest

Illustrated notes

Levels and vault maps discovered:
D:1:      orjb1_lava_funnel, layout_basic, serial_shops,
          nicolae_shop_advertising_works [nicolae_subvault_shop_adworks]
D:2:      layout_basic, grunt_ministairs_1
D:3:      minmay_chambers_of_twos, layout_basic, uniq_natasha

Skill      XL: |  1  2  3  4 |
---------------+-------------+-----
Fighting       | 4 |  4.8
Axes           | 5 |  5.6
Dodging        | 2 |  2.0
Polearms       | 1 |  1.5
Armour         | |  2.8
Shields        | |  0.1

Action                     |  1- 3 |  4- 6 || total
---------------------------+-------+-------++-------
  Melee: War axe           |    84 |    11 ||    95
         Hand axe          |     6 |       ||     6
         Punch             |     1 |       ||     1
         Trident           |       |    37 ||    37
 Invoke: Berserk           |     3 |     2 ||     5
 Armour: Animal skin       |    28 |       ||    28
         Chain mail        |    25 |    22 ||    47
  Dodge: Dodged            |    52 |    20 ||    72
  Block: Other             |     4 |    13 ||    17
         Reflection        |     1 |     1 ||     2
